Cogmind - Beta 16.1 @@@ ROGUE MODE // 2026.02.18 @ 01:48:03 Player: Exceptionally Mediocre Result: Destroyed by S-27 Virus with Autogun Performance ------------- Evolutions (3) 1500 Regions Visited (5) 1000 Robots Destroyed (34) 170 Value Destroyed (778) 778 Prototype IDs (2) 40 Alien Tech Used (0) 0 Bonus (659) 659 TOTAL SCORE: 4147 Bonus ------- Follower Combat Kills 482 Entered Garrisons 200 Friendly Fire -23 Cogmind --------- Core Integrity 0/700 Matter 290/300 Energy 100/100 System Corruption 0% Temperature Cool (0) Movement Core (50) Location -7/Garrison Parts ------- > --- POWER (2) -------- (None) > --- PROPULSION (4) --- (None) > --- UTILITY (5) ------ Improved Heat Sink Improved Targeting Computer Melee Analysis Suite > --- WEAPON (2) ------- (None) > --- INVENTORY (5) ---- Light Nuclear Core Light Angular Momentum Engine Improved Heat Sink ECM Suite Authchip [R/Combat] Peak State ------------ > --- POWER ------------ Light Ion Engine Improved Ion Engine > --- PROPULSION ------- Light Treads Light Treads Improved Treads Improved Treads > --- UTILITY ---------- Huge Storage Unit Medium Armor Plating Medium Armor Plating Medium Armor Plating Makeshift Light Armor Plating > --- WEAPON ----------- Advanced Beam Cannon Heavy Ion Cannon > --- INVENTORY -------- High-capacity Storage Unit Improved Targeting Computer ECM Suite Authchip [R/NC] Authchip [R/Combat] Authchip [R/Combat] Authchip [R/Combat] Authchip [R/Combat] Authchip [R/Combat] Authchip [R/Combat] Authchip [R/Combat] V3-11A's Pendant Advanced Beam Cannon Advanced Beam Cannon Subdweller Beam Cannon Autogun Subdweller Machine Gun Flak Gun Improved Light Cannon Rocket Launcher Multitool Mace Flail [Rating: 33] Favorites ----------- Power Light Ion Engine Engine Light Ion Engine Propulsion Light Treads Treads Light Treads Wheel Subdweller Monowheel Utility V3-11A's Pendant Device V3-11A's Pendant Storage Medium Storage Unit Processor Improved Targeting Computer Protection Medium Armor Plating Weapon Improved Light Cannon Energy Cannon Advanced Beam Cannon Ballistic Gun Assault Rifle Ballistic Cannon Improved Light Cannon Launcher Rocket Launcher Impact Weapon Hammer Build | -11 -10 -10 -9 -7 -7 ------- Run | Yrd Mat Sub Rec Fac Gar Slots Evolved 6 | . . . . 6 . Power 1 | . . . . 1 . Propulsion 2 | . . . . 2 . Utility 3 | . . . . 3 . Weapon . | . . . . . . Parts Attached 47 | 7 5 10 8 8 9 Power 5 | 1 1 . 1 1 1 Engine 5 | 1 1 . 1 1 1 Core . | . . . . . . Reactor . | . . . . . . Propulsion 13 | 2 . 6 3 2 . Treads 6 | 2 . . 2 2 . Leg . | . . . . . . Wheel 7 | . . 6 1 . . Hover . | . . . . . . Flight . | . . . . . . Utility 17 | 2 3 2 3 4 3 Device 3 | 1 . 1 . . 1 Storage 5 | 1 1 . 3 . . Processor 2 | . . . . . 2 Hackware . | . . . . . . Protection 7 | . 2 1 . 4 . Artifact . | . . . . . . Weapon 12 | 2 1 2 1 1 5 Energy Gun . | . . . . . . Energy Cannon 2 | . . . . 1 1 Ballistic Gun 3 | 2 . . . . 1 Ballistic Cannon 3 | . 1 2 . . . Launcher 1 | . . . . . 1 Special Weapon . | . . . . . . Impact Weapon 3 | . . . 1 . 2 Slashing Weapon . | . . . . . . Piercing Weapon . | . . . . . . Special Melee Weapon . | . . . . . . Unidentified Prototypes 2 | . . 1 . 1 . Parts Lost 18 | . 1 1 . . 16 Power 2 | . . . . . 2 Propulsion 4 | . . . . . 4 Utility 6 | . . . . . 6 Weapon 6 | . 1 1 . . 4 Highest Loss Streak 16 | . 1 1 . . 16 To Critical Strikes . | . . . . . . Average Backups 11 | 3 9 9 13 15 19 Power 1 | 1 2 2 2 1 . Propulsion 2 | 2 3 2 1 . . Utility 3 | . 2 3 4 4 9 Weapon 3 | . 1 1 3 8 8 Tool/Special . | . . . . . . Unused Backups 36 | 1 7 7 4 2 15 Power 5 | . 2 1 1 . 1 Propulsion 4 | 1 1 1 1 . . Utility 13 | . 2 2 1 . 8 Weapon 13 | . 2 3 1 2 5 Tool/Special 1 | . . . . . 1 Average Slot Usage (%) 96 | . 98 99 98 94 76 Engine 13 | . 14 14 14 13 10 Treads 13 | . 28 4 13 28 22 Wheel 13 | . . 23 14 . . Device 8 | . 1 11 12 . . Storage 12 | . 14 14 14 7 5 Protection 6 | . 12 2 . 27 20 Ballistic Gun 3 | . 20 . . . . Ballistic Cannon 18 | . 5 27 21 3 . Impact Weapon 2 | . . . 6 7 5 Peak Build Rating 33 | 9 9 14 15 28 33 Average Rating 13 | 6 8 12 13 25 23 On Entrance 11 | . 9 8 12 11 28 Avg Prop Armor Cover (%) . | . . . . . . Naked Turns . | . . . . . . Heaviest Build 121 | 13 22 24 90 79 121 Greatest Support 86 | 40 40 40 43 86 86 Greatest Overweight (x) 3 | 3 . 1 3 . 1 Average Overweight (x) . | . . . . . . Largest Inventory Capacity 25 | 8 10 10 25 20 25 Average Capacity 12 | 7 9 10 15 20 20 Most Carried 25 | 8 10 10 19 19 25 Average Carried 11 | 3 9 9 13 15 19 Final Capacity 20 | 8 10 10 20 20 5 Final Carried 19 | 8 10 10 19 18 5 Class Distribution -------------------- 70% | Mutant 29% | Commander-Mutant Dominant Class ---------------- Mutant | -10/Materials Mutant | -10/Subcaves Commander-Mutant | -9/Recycling Commander-Mutant | -7/Factory Commander-Mutant | -7/Garrison Resources | -11 -10 -10 -9 -7 -7 ----------- Run | Yrd Mat Sub Rec Fac Gar Matter Collected 1312 | 318 270 310 213 . 201 Remotely . | . . . . . . Salvage Created 1306 | 152 309 66 683 . 96 Parts 59 | 9 19 6 23 . 2 Haulers Intercepted . | . . . . . . Recyclers Shooed 3 | 1 . . 2 . . Parts Field Recycled . | . . . . . . Retrieved Matter . | . . . . . . Parts Self-Destructed 9 | . . 9 . . . Prevented . | . . . . . . Parts Restored . | . . . . . . Kills | -11 -10 -10 -9 -7 -7 ------- Run | Yrd Mat Sub Rec Fac Gar Combat Hostiles Destroyed 20 | . 10 4 3 . 3 Melee 1 | . . . 1 . . Guns 8 | . 7 . . . 1 Cannons 11 | . 3 4 2 . 2 Classes Destroyed 11 | 2 5 1 3 . . Worker 1 | . 1 . . . . Builder 1 | . . . 1 . . Tunneler 3 | 3 . . . . . Recycler 7 | 1 . . 6 . . Operator 1 | . 1 . . . . Turret 1 | . . 1 . . . Swarmer 6 | . 5 . 1 . . Grunt 9 | . 4 2 . . 3 Duelist 1 | . . . 1 . . Sentry 1 | . . . 1 . . Subdweller 3 | . 1 2 . . . Best Kill Streak 7 | 3 4 2 7 . 2 Combat Bots Only 3 | . 3 2 2 . 2 Max Kills in Single Turn 2 | 1 1 1 2 . 1 Gunslinging . | . . . . . . Exploded . | . . . . . . Melee 1 | . . . 1 . . Uniques/NPCs Destroyed . | . . . . . . Combat | -11 -10 -10 -9 -7 -7 -------- Run | Yrd Mat Sub Rec Fac Gar Hostile Shots Fired 389 | . 46 43 26 . 274 Missed 117 | . 14 9 10 . 84 Hits 272 | . 32 34 16 . 190 Melee 1 | . . . 1 . . Projectile 271 | . 32 34 15 . 190 AOE 5 | . 5 . . . . Critical Strikes 3 | . . 1 1 . 1 Damage Taken 3120 | . 503 473 274 . 1870 Core 936 | . 87 67 70 . 712 Absorbed by Shields . | . . . . . . Redirected to Shielding 7 | . 7 . . . . Core Remaining (%) 55 | 100 . . 10 . . Volleys Fired 103 | 12 35 24 14 . 18 Largest 2 | 2 2 2 2 . 2 Hottest 133 | 40 53 66 66 . 133 Shots Fired 183 | 16 68 48 25 . 26 Gun 68 | 16 47 . . . 5 Cannon 115 | . 21 48 25 . 21 Launcher . | . . . . . . Special . | . . . . . . Kinetic 171 | 16 68 48 25 . 14 Thermal 12 | . . . . . 12 Explosive . | . . . . . . Electromagnetic . | . . . . . . Robot Hit Streak 9 | 4 5 9 7 . 7 Robot Miss Streak 3 | 2 3 3 1 . 3 Penetration Max . | . . . . . . Secondary Targets 2 | . 2 . . . . Max Gunslinging Chain 1 | . 1 . . . . Shots Hit Robots 127 | 11 42 25 24 . 25 Core Hits 51 | 5 18 8 9 . 11 Critical Kills 1 | 1 . . . . . Critical Parts Destroyed 2 | . . . 1 . 1 Critical Strikes 7 | 1 1 1 2 . 2 Destroy 1 | 1 . . . . . Blast 4 | . 1 1 1 . 1 Smash 2 | . . . 1 . 1 Melee Attacks 20 | . . . 8 . 12 Impact 20 | . . . 8 . 12 Slashing . | . . . . . . Piercing . | . . . . . . Sneak Attacks . | . . . . . . Combat Hostiles . | . . . . . . Follow-up Attacks . | . . . . . . Damage Inflicted 2747 | 144 646 534 816 . 607 Guns 621 | 144 396 . . . 81 Cannons 1523 | . 250 534 397 . 342 Explosions . | . . . . . . Melee 596 | . . . 417 . 179 Ramming 7 | . . . 2 . 5 Kinetic 1946 | 144 646 534 397 . 225 Thermal 198 | . . . . . 198 Explosive . | . . . . . . Electromagnetic . | . . . . . . Impact 596 | . . . 417 . 179 Slashing . | . . . . . . Piercing . | . . . . . . Highest Corruption 1 | . 1 1 1 . . Average Corruption 1 | . 1 1 1 . . Corruption Purged . | . . . . . . Corruption Blocked . | . . . . . . Effects 20 | . . 10 10 . . Message Errors 4 | . . 2 2 . . Matter Fused 7 | . . 3 4 . . Heat Flow Errors 3 | . . 1 2 . . Data Loss (minor) 5 | . . 3 2 . . Misfires 1 | . . 1 . . . Overload Shots . | . . . . . . Overflow Damage 255 | . 4 5 206 . 40 Projectiles 23 | . 4 5 14 . . Explosions . | . . . . . . Melee 232 | . . . 192 . 40 Knockbacks 8 | . 2 1 5 . . Impact 4 | . . . 4 . . Kinetic 4 | . 2 1 1 . . Secondary . | . . . . . . Self-Inflicted Damage 3 | . . . 1 . 2 Shots . | . . . . . . Rammed 2 | . . . 1 . 1 Targets Rammed 2 | . . . 1 . 1 Kicked . | . . . . . . Crushed . | . . . . . . Highest Temperature 381 | . 3 182 215 . 381 Average Temperature 138 | . 2 102 48 . 211 Received Heat Transfer 900 | . 69 204 27 . 600 Effects 3 | . . . . . 3 Shutdowns 1 | . . . . . 1 Energy Bleed 1 | . . . . . 1 Short Circuit 1 | . . . . . 1 Siege Activations . | . . . . . . Martial Activations . | . . . . . . Shielding Activations . | . . . . . . Robots Disrupted . | . . . . . . Combat Hostiles . | . . . . . . Robots Corrupted 4 | . . . 4 . . Combat Hostiles 3 | . . . 3 . . Parts Fried 3 | . . . 3 . . Impact Corruptions 14 | . . . 13 . 1 Robots Melted . | . . . . . . Combat Hostiles . | . . . . . . Parts Melted . | . . . . . . Heat Transferred 296 | . . . . . 296 Parts Sabotaged . | . . . . . . Parts Stolen . | . . . . . . Parts Stripped . | . . . . . . Power Chain Reactions . | . . . . . . Alert | -11 -10 -10 -9 -7 -7 ------- Run | Yrd Mat Sub Rec Fac Gar Maximum Alert Level 1 | . . . 1 . . Low Security (%) 91 | 100 100 . 82 100 100 Level 1 8 | . . . 17 . . Level 2 . | . . . . . . Level 3 . | . . . . . . Level 4 . | . . . . . . Level 5 . | . . . . . . High Security . | . . . . . . Max Security . | . . . . . . Peak Influence 237 | 5 166 . 237 59 49 Initial 59 | . . . 9 59 . Average 70 | . 66 . 106 33 6 Influence Increases 1400 | 20 309 290 607 . 174 Destroy 0b10 Robot/C 780 | . 180 200 300 . 100 Destroy 0b10 Robot/NC 155 | 20 10 . 125 . . Destroy Leader 50 | . 40 10 . . . Allied During Kill 138 | . . 20 112 . 6 Successful Hack 24 | . 3 . 21 . . Disable Machine 30 | . 30 . . . . Destroy Structure 58 | . 1 . 49 . 8 Lose Combat Pursuer 165 | . 45 60 . . 60 Influence Decreases 1371 | 20 201 379 484 142 145 Entered New Map 145 | . . 52 10 83 . Time Decay 921 | 20 191 262 389 59 . Lost Part 86 | . 10 10 . . 66 Lost Ally 219 | . . 55 85 . 79 Squads Dispatched 1 | . 1 . . . . Investigation . | . . . . . . Extermination . | . . . . . . Reinforcement 1 | . 1 . . . . Assault . | . . . . . . Garrison . | . . . . . . Intercept . | . . . . . . Searches Triggered . | . . . . . . Construction Impeded . | . . . . . . Haulers Reinforced . | . . . . . . Active Scanning Responses . | . . . . . . Cargo Convoy Interrupts . | . . . . . . Stealth | -11 -10 -10 -9 -7 -7 --------- Run | Yrd Mat Sub Rec Fac Gar Distress Signals 8 | . 6 . 2 . . Communications Jammed . | . . . . . . Distress Signals . | . . . . . . Times Spotted 61 | . 18 18 11 . 14 Peak Tracking Total 7 | . 6 4 5 . 7 Tactical Retreats 7 | . 3 2 . . 2 Traps | -11 -10 -10 -9 -7 -7 ------- Run | Yrd Mat Sub Rec Fac Gar Traps Triggered 1 | . 1 . . . . Indirectly . | . . . . . . Trap Hack Attempts . | . . . . . . Triggered . | . . . . . . Disarmed . | . . . . . . Reprogrammed . | . . . . . . Reused . | . . . . . . Traps Extracted . | . . . . . . Installed . | . . . . . . Triggered . | . . . . . . Machines | -11 -10 -10 -9 -7 -7 ---------- Run | Yrd Mat Sub Rec Fac Gar Machines Disabled 4 | . 2 2 . . . Max in Single Turn 1 | . 1 1 . . . Machines Repaired . | . . . . . . Machines Dismantled . | . . . . . . Machines Sabotaged . | . . . . . . Overloaded Fab Kills . | . . . . . . Hacking | -11 -10 -10 -9 -7 -7 --------- Run | Yrd Mat Sub Rec Fac Gar Machines Accessed 15 | . 4 1 9 1 . Terminals 7 | . 2 . 5 . . Fabricators . | . . . . . . Repair Stations . | . . . . . . Recycling Units 6 | . 2 . 4 . . Scanalyzers . | . . . . . . Garrison Access 1 | . . . . 1 . Total Hacks 35 | . 12 3 19 1 . Successful 21 | . 5 3 12 1 . Failed 14 | . 7 . 7 . . Catastrophic 3 | . 3 . . . . Database Lockouts . | . . . . . . Manual 21 | . 5 1 15 . . Terminals 12 | . 3 . 9 . . Fabricators . | . . . . . . Repair Stations . | . . . . . . Recycling Units 19 | . 9 . 10 . . Scanalyzers . | . . . . . . Garrison Access 1 | . . . . 1 . Terminal Hacks 3 | . . 3 . . . Record 3 | . . 3 . . . Fabricator Hacks . | . . . . . . Repair Station Hacks . | . . . . . . Recycling Unit Hacks 7 | . 2 . 5 . . Report Inventory 5 | . 2 . 3 . . Retrieve Components 2 | . . . 2 . . Scanalyzer . | . . . . . . Garrison Access Hacks 1 | . . . . 1 . Unlock Access 1 | . . . . 1 . Unauthorized Hacks 10 | . 3 . 7 . . Terminals 5 | . 1 . 4 . . Botnet 5 | . 1 . 4 . . Fabricators . | . . . . . . Repair Stations . | . . . . . . Recycling Units 5 | . 2 . 3 . . Monitor 5 | . 2 . 3 . . Scanalyzers . | . . . . . . Garrison Access . | . . . . . . Data Cores Recovered . | . . . . . . Used . | . . . . . . Hacking Detections 13 | . 4 . 8 1 . Full Trace Events . | . . . . . . Feedback Events . | . . . . . . Feedback Blocked . | . . . . . . Robot Schematics Acquired . | . . . . . . Robots Built . | . . . . . . Authchips . | . . . . . . Time . | . . . . . . Total Robot Build Rating . | . . . . . . Part Schematics Acquired . | . . . . . . Parts Built . | . . . . . . Authchips . | . . . . . . Time . | . . . . . . Total Part Build Rating . | . . . . . . Part Studies Acquired . | . . . . . . Parts Repaired . | . . . . . . Time . | . . . . . . Parts Recycled . | . . . . . . Recycled Matter . | . . . . . . Retrieved Matter . | . . . . . . Retrieved Components 11 | . . . 11 . . Parts Scanalyzed . | . . . . . . Part Schematics Acquired . | . . . . . . Parts Damaged . | . . . . . . Bothacking | -11 -10 -10 -9 -7 -7 ------------ Run | Yrd Mat Sub Rec Fac Gar Used RIF Installer . | . . . . . . Robots Hacked . | . . . . . . Non-combat . | . . . . . . Combat . | . . . . . . Robot Hacks Applied . | . . . . . . Relay Couplers Released . | . . . . . . Fabnet Peak Effective % . | . . . . . . Robots Rewired 20 | . . . 18 . 2 Allies Hacked . | . . . . . . Hacks Repelled . | . . . . . . Allies | -11 -10 -10 -9 -7 -7 -------- Run | Yrd Mat Sub Rec Fac Gar Total Allies 26 | . . 6 18 . 2 Largest Group 15 | . . 4 15 15 15 Highest-Rated Group 224 | . . 76 224 205 205 Highest-Rated Ally 34 | . . 19 34 34 34 Total Orders . | . . . . . . Ally Attacks 102 | . . 38 43 . 21 Total Damage 2684 | . . 636 1527 . 521 Kills 30 | . . 8 20 . 2 Allies Corrupted . | . . . . . . Allies Melted . | . . . . . . Intel | -11 -10 -10 -9 -7 -7 ------- Run | Yrd Mat Sub Rec Fac Gar Active Infowar (turns) 126 | 60 66 . . . . Terrain 126 | 60 66 . . . . Robot Analysis Total . | . . . . . . Derelict Logs Recovered 1 | . . 1 . . . Drone Launches . | . . . . . . Drone Recoveries . | . . . . . . Exploration | -11 -10 -10 -9 -7 -7 ------------- Run | Yrd Mat Sub Rec Fac Gar Turns Passed 3903 | 165 612 1511 1147 120 348 Spaces Moved 2454 | 83 294 1265 612 64 136 Core 71 | 17 . . . . 54 Treads 860 | 66 294 97 257 64 82 Legs . | . . . . . . Wheels 1523 | . . 1168 355 . . Hover . | . . . . . . Flight . | . . . . . . Fastest Speed 50 | 50 160 95 95 160 50 Average Speed 127 | 144 160 108 139 160 153 Slowest Speed 320 | 200 160 160 320 160 240 Overloaded Moves . | . . . . . . Propulsion Burnouts . | . . . . . . Robots Hopped . | . . . . . . Potential Cave-ins . | . . . . . . Cave-ins Triggered . | . . . . . . Exploration Rate (%) 36 | 3 48 60 85 2 20 Regions Visited 5 Branch Regions 2 Pre-discovered Areas 1 | . . 1 . . . Known Exits Taken 2 | . . 1 . 1 . Unknown Exits Taken 3 | 1 1 . 1 . . Scrap Searched 5 | . . 5 . . . Spaces Dug . | . . . . . . Terrain Destroyed 2 | . 1 . 1 . . Melee . | . . . . . . Projectile 2 | . 1 . 1 . . AOE . | . . . . . . Terrain Rammed . | . . . . . . Walls Destroyed . | . . . . . . Machines Disabled . | . . . . . . Actions | -11 -10 -10 -9 -7 -7 --------- Run | Yrd Mat Sub Rec Fac Gar Total 3054 | 111 373 1372 881 83 234 Wait 85 | . 19 29 17 . 20 Move 2449 | 82 293 1264 611 63 136 Hop . | . . . . . . Pick Up 81 | 9 9 21 19 9 14 Fast Attach 14 | 7 3 1 1 . 2 Attach 31 | . . 9 4 8 10 Detach 11 | . . 3 4 . 4 Swap 8 | . 2 . 4 . 2 Drop 58 | 1 12 21 13 3 8 Fire 103 | 12 35 24 14 . 18 Melee 20 | . . . 8 . 12 Ram 2 | . . . 1 . 1 Kick . | . . . . . . Crush . | . . . . . . Escape Stasis . | . . . . . . Rewire 192 | . . . 185 . 7 Trap . | . . . . . . Miscellaneous . | . . . . . . Route ------- -11/Scrapyard -10/Materials (discovered 2 exits: [*Mat] / *Sub) -10/Subcaves (discovered 2 exits: [*Mat] / *Rec) -9/Recycling -7/Factory -7/Garrison History --------- Turn | Location | Event 7 | -11/Scrapyard | Discovered new exit (range 16) 166 | -11/Scrapyard | Entered Materials 317 | -10/Materials | Build established: Mutant 404 | -10/Materials | Discovered new exit (range 3) 666 | -10/Materials | Derelicts attacked the area 760 | -10/Materials | Discovered new exit (range 8) 778 | -10/Materials | Entered Subcaves 825 | -10/Subcaves | Core integrity fell below 50% 870 | -10/Subcaves | Identified exit to Recycling 1076 | -10/Subcaves | Visited triangular shrine 1083 | -10/Subcaves | Found Prototype Device 1086 | -10/Subcaves | Identified V3-11A's Pendant 1091 | -10/Subcaves | Befriended Subdweller 1211 | -10/Subcaves | Befriended Subdweller 1366 | -10/Subcaves | Learned location of Zion (-6) 1366 | -10/Subcaves | Met a Zionite searching for "candidates" 1473 | -10/Subcaves | Discovered new exit (range 7) 1561 | -10/Subcaves | Visited Clippyterm 1564 | -10/Subcaves | Learned Factory garrison access intel 1586 | -10/Subcaves | Befriended Subdweller 1586 | -10/Subcaves | Befriended Subdweller 1771 | -10/Subcaves | Befriended Subdweller 1961 | -10/Subcaves | Befriended Subdweller 2289 | -10/Subcaves | Entered Recycling 2289 | -9/Recycling | Accompanied by 3 allies 2290 | -9/Recycling | Met a Zionite searching for Scraptown 2916 | -9/Recycling | Build established: Commander-Mutant 3050 | -9/Recycling | Core integrity fell below 20% 3290 | -9/Recycling | Discovered new exit (range 16) 3436 | -9/Recycling | Entered Factory 3436 | -7/Factory | Accompanied by 15 allies 3436 | -7/Factory | Evolved 6 slots: Power x1, Propulsion x2, Utility x3 3437 | -7/Factory | Loaded intel: 3 garrison access locations 3554 | -7/Factory | Identified exit to Garrison 3556 | -7/Factory | Entered Garrison 3556 | -7/Garrison | Accompanied by 15 allies 3766 | -7/Garrison | Triggered checkpoint 3808 | -7/Garrison | Lost 15 allies 3836 | -7/Garrison | Core integrity fell below 50% 3872 | -7/Garrison | Core integrity fell below 20% 3892 | -7/Garrison | Lost 16 parts (2p4n6u4w) 3904 | -7/Garrison | Destroyed by S-27 Virus with Autogun Last Messages --------------- 03861_ Mace destroyed. 03867_ Attempting to rewire MG-UQD(l). 03868_ MG-UQD(l) rewired. 03869_ Attempting to rewire W7-O0Z(g). 03871_ Destroyed VTOL Module. 03871_ Attempting to rewire W7-O0Z(g). 03873_ W7-O0Z(g) rewired. 03874_ Destroyed VTOL Module. 03876_ MG-UQD(l) suffers critical hit (Destroy). 03876_ S-27 Virus destroyed. 03878_ MG-UQD(l) destroyed. 03878_ Acquired 10 matter. 03880_ Acquired Melee Analysis Suite. 03882_ Acquired Lgt. Nuclear Core. 03883_ Acquired 10 matter. 03888_ Slammed into S-27 Virus. 03895_ W7-O0Z(g) destroyed. 03897_ Acquired Imp. Heat Sink. 03901_ Dropped Authchip [R/Combat]. 03901_ Acquired Lgt. Angular Momentum Engine. Map ----- +----------------------------------------------------+ | | | | | | | | | | | | | | | | | ?????????????????????????????????????????????????? | | ?????????????????????????????????????????????????? | | ?????????????????????????????????????????????????? | | ?????????????????????????????????????????????????? | | ?????????????????????????????????????????????????? | | ?????????????????????????????????????????????????? | | ?????????????????????????????????????????????????? | | ?????????????????????????????????????????????????? | | ?????????????????????????????????????????????????? | | ?????????????????????????????????????????????????? | | ?????????????????????????????????????????????????? | | ?????????????????????????????????????????????????? | | ?????????????????????????????????????????????????? | | ????????????????????????########?????????????????? | | ????????????????????????# #%=#?????????????????? | | ????????????????????????# ! #?????????????????? | | ????????????????????????# s% #?????????????????? | | ????????????????????????#@Yg####?????????????????? | | ????????????????????????##%##????????????????????? | | ?????????????????????????# #?????????????????????? | | ?????????????????????###?# #?????????????????????? | | ?????????????????????# # #?????????????????????? | | ?????????????????##### # #?????????????????????? | | ?????######?????# =#?????????????????????? | | ?????# #?????# ########%#?????????????????????? | | ?????# #?????????????# =###???????????????????? | | ?????# #?????????????# %# #???????????????????? | | ?????### #?????????????# #???????????????????? | | ???????# #?????????????# #???????????????????? | | ######## #?????????????##! ##???????????????????? | | """"""## #??????????????#=##????????????????????? | | !! "## #??????????????#!#?????????????????????? | | ## #######+########=#######???????????????? | | !% * *% %*%% =!%%#???????????????? | | ! % ! %=!%[]!]%#???????????????? | | ############### ########%[#???????????????? | | #?????????????# #??????#! #???????????????? | | #?????????????# #??????#[!#???????????????? | | !!!!!"#?????????????# #??????#![#???????????????? | | """"""#?????????????# #??????#][#???????????????? | | #######?????????????# #??????#!]#???????????????? | | ????????????????????# #??????#!=#???????????????? | +----------------------------------------------------+ Best States ------------- Heat Dissipation 48 Energy Generation 20 Energy Capacity 290 Matter Stores 300 Matter Capacity 300 Sight Range 16 Terrain Scan Range 16 Terrain Scan Density 10 Armor Coverage 775 Core Shielding 20 Evasion (%) 50 Targeting Accuracy 6 Melee Accuracy 5 Recoil Reduction 4 Authchip Count 8 Item Schematics ----------------- None Robot Schematics ------------------ None Fabricated ------------ Nothing Repaired ---------- Nothing Studied --------- None Alien Tech Used ----------------- None Achievements -------------- Hammer Time Overwhelming Plot Armor SUBSUB Challenges ------------ None Game ------ Seed FortressAntisysFilter Manual? 0 Play Time 00:42:45 Cumulative 174.0 hours Start 2026.02.18 @ 01:06:59 End 2026.02.18 @ 01:48:03 Sessions 1 Manual Loads 0 Difficulty Rogue Special Mode None Game No. 201 Rogue 201 Adventurer 0 Explorer 0 Win Type - Total 0 Types 0/0/0/0/0/0/0/0/0/0 Lore% 25 Gallery% 50 Achievement% 26 Wizard Run 0 Options --------- Layout 1 ASCII 0 Keyboard 1 Movement Vi Keybinds 0 Fullscreen 1 Font 24/Smallcaps Map View 50x35 Zoom Use 0% Tactical HUD 1 Map Filters NONE Filters NONE Steam 1 RUN: ce766fed-a329-4e08-8003-ee7db7a2ecfc